 Dungeon Crawl Stone Soup version bcrawl-1.21.3 (webtiles) character file.

Game seed: 7053041047706256570

1622 Flugslaktarn the Chopper (level 8, 0/53 HPs)
             Began as a Skeleton Archaeologist on Mar 29, 2020.
             Was an Initiate of Gozag.
             Slain by a six-headed hydra (9 damage)
             ... on level 6 of the Dungeon.
             The game lasted 00:03:55 (5636 turns).

Flugslaktarn the Chopper (Skeleton Archaeologist)   Turns: 5636, Time: 00:03:56

Health: 0/53       AC: 16    Str: 19      XL:     8   Next: 65%
Magic:  0/8        EV:  7    Int: 13 (14) God:    Gozag
Gold:   489        SH:  0    Dex:  6 (7)  Spells: 7/7 levels left

rFire    + . .     SeeInvis .   k - +0 war axe
rCold    + . .     Gourm    .   (no shield)
rNeg     + + +     Faith    .   i - +0 plate armour
rPois    ∞         Spirit   +   c - +1 hat
rElec    +         Reflect  .   s - +0 cloak
rCorr    .         Harm     .   (no gloves)
MR       +....                  d - +1 pair of boots
Stlth    ..........             e - amulet of regeneration
HPRegen  0.57/turn              f - ring "Irrol" {rF+ rN+}
MPRegen  0.11/turn              b - ring of insulation

@: very slow
A: no food or potions, cold resistance 1, deterioration 1, negative energy
resistance 3, powered by death 1, torment resistance, unbreathing, magic shield,
sturdy frame 1, spell healing
a: Potion Petition, Call Merchant, Bribe Branch, Renounce Religion


You were on level 6 of the Dungeon.
You worshipped Gozag.
Gozag was aware of your devotion.
You were not hungry.

You visited 1 branch of the dungeon, and saw 6 of its levels.

You collected 597 gold pieces.
You paid 108 gold pieces to Gozag.

Inventory:

Hand Weapons
 k - a +0 war axe (weapon)
   (You took it off an orc on level 3 of the Dungeon)
Missiles
 a - 2 throwing nets (quivered) {!f}
Armour
 c - a +1 hat (worn)
 d - a +1 pair of boots (worn)
 i - a +0 plate armour (worn)
   (You found it on level 5 of the Dungeon)
 n - a scarf of stasis
   (You found it on level 3 of the Dungeon)
 s - a +0 cloak (worn)
   (You found it on level 5 of the Dungeon)
Jewellery
 b - a ring of insulation (right hand)
   (You found it on level 6 of the Dungeon)
 e - an amulet of regeneration (around neck)
   (You took it off a kobold on level 3 of the Dungeon)
 f - the ring "Irrol" (left hand) {rF+ rN+}
   (You acquired it on level 3 of the Dungeon)

   [ring of protection from fire]

   It protects you from fire.
   It protects you from negative energy.
 h - an uncursed ring of fire
   (You found it on level 5 of the Dungeon)
Wands
 m - a wand of clouds (1)
   (You found it on level 3 of the Dungeon)
Scrolls
 g - a scroll of enchant weapon {unknown}
 j - 3 scrolls of magic mapping
 o - 2 scrolls of enchant armour
 q - a scroll of torment
 r - 3 scrolls of identify
 t - 3 scrolls of teleportation
 x - 2 scrolls of remove curse
 z - a scroll of blinking


   Skills:
 * Level 7.2 Fighting
 * Level 7.9 Axes
   Level 1.2(5.0) Maces & Flails
 + Level 5.2 Armour
 - Level 3.0 Dodging
 - Level 3.6 Stealth


You had 7 spell levels left.
You didn't know any spells.
Your spell library was empty.

Dungeon Overview and Level Annotations

Branches:
Dungeon (6/12)             Temple (0/1) D:6

Altars:
Ashenzari
Cheibriados
Fedhas
Gozag
Makhleb
Sif Muna
Vehumet


Innate Abilities, Weirdness & Mutations

You do not eat or drink.
You are immune to poison.
Your flesh is cold resistant. (rC+)
Your body sometimes deteriorates upon taking damage.
You are immune to negative energy. (rN+++)
You regenerate a little health from kills.
You are immune to unholy pain and torment.
You can survive without breathing.
When hurt, damage is shared between your health and your magic reserves.
Your movements are slightly less encumbered by armour. (ER -2)
Casting spells heals you.


Message History

The five-headed hydra bites you.
You slice one of the five-headed hydra's heads off!
The four-headed hydra grows two more!
You hit the six-headed hydra.
The six-headed hydra is lightly wounded.
The six-headed hydra bites you!
* * * LOW HITPOINT WARNING * * *
Your body deteriorates!
You feel dopey.
The six-headed hydra bites you but does no damage.
The six-headed hydra barely misses you. The six-headed hydra bites you.
* * * LOW HITPOINT WARNING * * *
The six-headed hydra closely misses you.
The six-headed hydra bites you but does no damage.
You are too injured to fight recklessly!
You are too injured to fight recklessly!
You are too injured to fight recklessly!
The six-headed hydra bites you but does no damage.
The six-headed hydra closely misses you.
The six-headed hydra bites you!
You die...
Your body crumbles into a pile of gold.

.'....# ##_ ##_## #........#.#...
##....######### ###........#.....
..###.##......###................
..###.##......#........#.........
...##.........#........#.####....
...#..........#...####...........
...#.....#################......#
.#.#.)...# ###...≈≈## #......#
.+...###.# #D@.####.###....[.#
.#<### #.##...≈≈##+ ##.##.......
.#.# #.#..##### #.###.###..
...#####.## #.....#.# #......
##........# #P≈.P≈#.# #..#.#.
##.##.....#.....#..P.!#≈# ##.....
...##.....#P...≈#..≈$$#≈# #.#...
...''.....#≈PPP.#≈≈≈≈≈#≈# ##.....
...##...###≈:??.##≈;≈##≈###..#...


You could see a six-headed hydra.

Vanquished Creatures
  Eustachio (D:5)
  2 ice beasts
  A phantom (D:5)
  2 ogres
  A centaur (D:5)
  3 bullfrogs
  2 scorpions
  A killer bee (D:5)
  A wyvern skeleton (D:6)
  4 crimson imps
  An orc wizard (D:6)
  2 centaur skeletons
  A bullfrog skeleton (D:5)
  4 worker ants
  A hound skeleton (D:3)
  6 adders
  A shadow imp (D:4)
  An ooze (D:3)
  An adder skeleton (D:4)
  2 worms
  2 dart slugs
  6 leopard geckos
  20 orcs
  2 bats (D:3)
  13 giant cockroaches
  6 goblins
  8 hobgoblins
  4 jackals
  5 kobolds (D:3)
  3 quokkas
  2 ball pythons
  4 frilled lizards (D:1)
  2 rats
115 creatures vanquished.

Notes
Turn   | Place    | Note
-------+----------+-------------------------------------------
     0 | D:1      | Flugslaktarn the Skeleton Archaeologist began the quest for
                  | the Orb.
     0 | D:1      | Reached XP level 1. HP: 12/12 MP: 1/1
   312 | D:1      | Reached XP level 2. HP: 17/17 MP: 2/2
   407 | D:1      | Reached skill level 1 in Armour
  1210 | D:2      | Reached XP level 3. HP: 22/22 MP: 3/3
  1983 | D:3      | Reached skill level 1 in Axes
  2184 | D:3      | Reached XP level 4. HP: 26/28 MP: 2/4
  2473 | D:3      | Found a snail-covered altar of Cheibriados.
  2687 | D:3      | Reached XP level 5. HP: 32/32 MP: 5/5
  2687 | D:3      | Identified a scroll of acquirement
  2696 | D:3      | Identified the +4 rapier of Victory {protect, rPois MR+}
                  | (You acquired it on level 3 of the Dungeon)
  2696 | D:3      | Identified the ring "Irrol" {rF+ rN+} (You acquired it on
                  | level 3 of the Dungeon)
  2782 | D:4      | Got a fine dagger
  2938 | D:4      | Gained mutation: You regenerate a little health from kills.
                  | [Skeleton growth]
  2938 | D:4      | Reached XP level 6. HP: 27/38 MP: 2/6
  3446 | D:4      | Identified the +1 dagger of the Lair of Beasts {antimagic,
                  | rF+ Str+5 Int-2} (You found it on level 4 of the Dungeon)
  3525 | D:5      | Entered Level 5 of the Dungeon
  3525 | D:5      | Noticed an ice beast
  3536 | D:5      | Killed an ice beast
  3613 | D:5      | Reached skill level 5 in Fighting
  3613 | D:5      | Reached XP level 7. HP: 44/44 MP: 7/7
  3658 | D:5      | Noticed Eustachio
  3679 | D:5      | Reached skill level 5 in Axes
  3731 | D:5      | Killed Eustachio
  4091 | D:5      | Found an opulent altar of Gozag.
  4149 | D:5      | Became a worshipper of Gozag Ym Sagoz the Greedy
  4525 | D:5      | Reached XP level 8. HP: 46/51 MP: 6/8
  4563 | D:5      | Found a burning altar of Makhleb.
  4801 | D:6      | Found a shattered altar of Ashenzari.
  4805 | D:6      | Found a shimmering blue altar of Sif Muna.
  4997 | D:6      | Found a staircase to the Ecumenical Temple.
  5101 | D:6      | Reached skill level 5 in Armour
  5460 | D:6      | Found a blossoming altar of Fedhas.
  5462 | D:6      | Found a radiant altar of Vehumet.
  5631 | D:6      | Noticed a five-headed hydra
  5636 | D:6      | Slain by a six-headed hydra

Skill      XL: |  1  2  3  4  5  6  7  8 |
---------------+-------------------------+-----
Armour         | 1 2 3 4 5 |  5.2
Fighting       | 2 3 4 5 6 7 |  7.2
Axes           | 1 2 3 4 6 7 |  7.9
Maces & Flails | |  1.2
Dodging        | |  3.0
Stealth        | |  3.6

Action                   |  1- 3 |  4- 6 |  7- 9 || total
-------------------------+-------+-------+-------++-------
Melee: Whip              |   135 |       |       ||   135
       War axe           |    45 |   192 |   247 ||   484
       Hand axe          |    31 |       |       ||    31
  Use: Scroll            |       |     1 |     9 ||    10
 Stab: Sleeping          |     3 |       |       ||     3
Armor: Robe              |     7 |       |       ||     7
       Chain mail        |   112 |   161 |       ||   273
       Plate armour      |       |       |   250 ||   250
Dodge: Dodged            |   108 |   140 |   148 ||   396
